 Dungeon Crawl Stone Soup version 0.14-a0-1570-g671a4b6 (webtiles) character file.

66 Piginabag the Vexing (level 3, 0/25 HPs)
             Began as a Formicid Enchanter on Dec 21, 2013.
             Slain by a hound (3 damage)
             ... on Level 7 of the Dungeon.
             The game lasted 00:06:24 (1487 turns).

Piginabag the Vexing (Formicid Enchanter)           Turns: 1487, Time: 00:06:24

HP   0/25        AC  4     Str 12      XL: 3   Next: 35%
MP   3/6         EV 12     Int 14      God:
Gold 41          SH  0     Dex 12      Spells:  2 memorised,  3 levels left

rFire  . . .     SeeInvis +     h - +3,+0 elf dagger
rCold  . . .     Clarity  .     b - +1 robe
rNeg   . . .     Conserve .     (no shield)
rPois  x         rCorr    .     (helmet unavailable)
rElec  .         rRot     .     (no cloak)
SustAb . .       Spirit   .     (no gloves)
rMut   .         Warding  .     (no boots)
Saprov . . .     Stasis   +     (no amulet)
                                r - ring of protection from magic
                                e - ring of protection from magic

@: very resistant to hostile enchantments, fairly stealthy
A: permanent stasis, dig shafts and tunnels, four strong arms, poison weakness,
antennae 3, exoskeleton 1
a: Dig, Shaft Self


You were on level 7 of the Dungeon.
You were near starving.

You visited 1 branch of the dungeon, and saw 4 of its levels.

You collected 41 gold pieces.

Inventory:

Hand weapons
 a - a +1,+1 dagger
 h - a +3,+0 elven dagger (weapon)
Missiles
 d - 12 darts (quivered)
 q - 13 poisoned needles
Armour
 b - a +1 robe (worn)
Comestibles
 f - 3 bread rations
 k - a meat ration
 n - an apple
Scrolls
 g - 2 scrolls of recharging {unknown}
 l - a scroll of identify
 m - a scroll of curse armour {unknown}
Jewellery
 e - a ring of protection from magic (left hand)
 r - a ring of protection from magic (right hand)
Potions
 j - a potion of confusion
Books
 c - a book of Maledictions

   Spells                             Type                      Level
   *Corona                            Hexes                        1
   *Sure Blade                        Hexes/Charms                 2
   Ensorcelled Hibernation            Hexes/Ice                    2
   Confuse                            Hexes                        3
   Enslavement                        Hexes                        4
   Invisibility                       Hexes                        6


   Skills:
 * Level 0.4 Fighting
 * Level 1.4 Short Blades
 - Level 0.7 Throwing
 + Level 2.2 Dodging
 + Level 2.4 Stealth
 + Level 2.1 Spellcasting
 + Level 4.0 Hexes
 + Level 0.2 Charms


You had 3 spell levels left.
You knew the following spells:

 Your Spells              Type           Power        Failure   Level  Hunger
a - Corona                Hex            ##.....      4%          1    #......
b - Sure Blade            Hex/Chrm       #.........   17%         2    ###....


Dungeon Overview and Level Annotations

Branches:
Dungeon (7/16)
 Temple: D:4-7

Altars:
Trog

Annotations:
D:2 Ijyb


Innate Abilities, Weirdness & Mutations

Your are under a permanent stasis effect.
You can dig through walls and to a lower floor.
Your four strong arms can wield any weapon, most with a shield.
You are susceptible to poison.
You have a pair of large antennae on your head (SInv).
Your body is surrounded by an exoskeleton. (HP +5, AC +1)


Message History

* * * LOW HITPOINT WARNING * * *
Found a stone staircase leading down.
The bat hits you but does no damage.
You hit the bat.
The bat is heavily wounded.
The bat hits you but does no damage.
You hit the bat.
You kill the bat!
A hound comes into view.
The hound barks!
The bond with your blade fades away. The hound bites you.
* * * LOW HITPOINT WARNING * * *
Use which ability? (? or * to list) Are you sure you want to shaft yourself?
You are near starving!
The hound bites you but does no damage.
You begin to dig a shaft.
You continue digging a shaft.
The hound bites you but does no damage. The hound bites you.
You die...

###################
#..#...#...#.......
#..................
#..................
#..................
#..................
#.@h..(.........###
#...............#
#..............##
#...............
#.........[....
#.............
#.......... #......
...


You could see a hound.

Vanquished Creatures
  2 giant geckos (D:2)
  2 ball pythons (D:2)
  4 hobgoblins
  2 bats
  4 giant newts
  3 goblins
  5 kobolds
  2 rats
24 creatures vanquished.

Notes
Turn   | Place    | Note
--------------------------------------------------------------
     0 | D:1      | Piginabag, the Formicid Enchanter, began the quest for the Orb.
     0 | D:1      | Reached XP level 1. HP: 15/15 MP: 3/3
   117 | D:1      | Reached XP level 2. HP: 9/20 MP: 2/4
   293 | D:1      | Learned a level 2 spell: Sure Blade
   794 | D:2      | Noticed Ijyb
   959 | D:2      | Reached XP level 3. HP: 24/24 MP: 3/6
  1015 | D:2      | Found a bloodstained altar of Trog.
  1039 | D:2      | Reached skill level 4 in Hexes
  1455 | D:2      | You fall through a shaft for 2 floors!
  1463 | D:4      | You fall through a shaft for 3 floors!
  1487 | D:7      | Slain by a hound

Action                   || total
-------------------------++-------
Melee: Dagger            ||   100
 Cast: Corona            ||     9
       Sure Blade        ||     9
 Abil: Shaft Self        ||     3
  Use: Scroll            ||     6
       Potion            ||     3
